AoeStats
← Erwin

Golden Pit

510206132Analyzed
1v1 RM · 1d ago on Sep 29, 2026· 48m 39s· 2 players
Game mode
Random Map
Map size
Tiny (2 player)
Population
200
Speed
Normal
Resources
Standard
Victory
Conquest
Starting age
Dark Age
Ending age
Imperial Age
RankedLock teamsTeams togetherTeam positionsShared explorationLock speedFull tech treeHidden civsTurbo modeCheats
Victory
Defeat
🇨🇦 Vikings · Canada
1080
+18
🇦🇷 Byzantines · Argentina
1115
-18
Erwin
6:56 Loom
9:37 Feudal Age
10:57 Man-at-Arms
22:45 Castle Age
20:41 Double-Bit Axe
21:57 Scale Mail Armor
22:24 Fletching
22:56 Long Swordsman
23:08 Crossbowman
24:24 Arson
25:23 Pikeman
26:10 Squires
31:46 Horse Collar
32:20 Bow Saw
32:09 Town Watch
34:21 Chain Mail Armor
34:20 Forging
38:43 Imperial Age
39:04 Devotion
40:35 Plate Mail Armor
43:15 Chieftains
45:48 Iron Casting
46:13 Sappers
48:24 Heavy Plow
Robert Bruce
7:15 Loom
10:29 Feudal Age
11:16 Double-Bit Axe
21:57 Castle Age
35:07 Imperial Age
33:03 Gold Mining
34:30 Scale Barding Armor
35:06 Husbandry
39:00 Pikeman
39:41 Squires
39:26 Gambesons
44:00 Forging
45:19 Gold Shaft Mining
Connection lost

Rejoining the realm…

Still unreachable

The connection could not be restored.

Session expired

The server has moved on; the page needs a fresh start.